Map: Breakwater LE

Players

Nyck - Winner!

  • Race: Terran Terran
  • Spawn Location: 7:00

Ekelpack - Winner!

  • Race: Zerg Zerg
  • Spawn Location: 7:00

BooN

  • Race: Zerg Zerg
  • Spawn Location: 1:00

BigWalter

  • Race: Protoss Protoss
  • Spawn Location: 1:00

VOD

Have the link to the VOD?

Description

Time

  • Played on: Nov. 27, 2024, 3:08 p.m.
  • Length: 12:33
Show
View Real Time Build Order
Export as new Build Order

Nyck Terran - Winner!

Build Orders: Command Center First 

Get SALT Encoding   

  12  0:00  SCV  
  13  0:12  SCV  
  14  0:17  Supply Depot  
  14  0:24  SCV  
  15  0:39  SCV  
  16  0:51  SCV  
  17  1:03  SCV  
  18  1:04  Command Center  
  18  1:14  Barracks  
  18  1:23  SCV  
  19  1:30  Refinery  
  19  1:33  Refinery  
  19  1:43  SCV  
  20  2:00  Orbital Command  
  20  2:13  Reaper  
  21  2:24  Orbital Command  
  21  2:25  Refinery  
  21  2:28  SCV  
  22  2:40  SCV  
  22  2:42  Barracks  
  23  2:45  Barracks  
  23  2:47  Supply Depot  
  23  2:51  SCV  
  23  2:52  SCV  
  25  3:03  SCV  
  25  3:04  SCV  
  27  3:15  SCV  
  27  3:17  SCV  
  29  3:28  SCV  
  29  3:29  SCV  
  29  3:30  Supply Depot  
  31  3:37  Barracks Reactor  
  31  3:38  Barracks Tech Lab, Barracks Reactor  
  31  3:40  SCV  
  32  3:44  SCV, Engineering Bay  
  32  3:46  Engineering Bay  
  33  3:52  SCV  
  33  3:55  Factory  
  34  3:56  SCV  
  34  4:01  Supply Depot  
  35  4:04  SCV  
  35  4:06  Marauder  
  35  4:09  Concussive Shells  
  38  4:16  Terran Infantry Weapons Level 1  
  38  4:18  Terran Infantry Armor Level 1  
  38  4:24  SCV x2  
  40  4:36  SCV  
  40  4:37  SCV  
  41  4:49  Marine x2  
  41  4:50  Marine x2  
  41  4:52  Combat Shield, Marine  
  45  4:55  SCV x2  
  48  5:02  Starport  
  48  5:07  SCV x2, Factory Reactor  
  48  5:11  Refinery  
  48  5:12  Marine x2  
  48  5:13  Marine x3  
  55  5:19  SCV  
  55  5:20  SCV  
  57  5:22  Armory  
  57  5:23  Supply Depot  
  57  5:33  Barracks  
  57  5:40  SCV x2  
  59  5:45  Supply Depot  
  59  5:52  SCV x2  
  59  5:56  Starport  
  61  6:00  Marine x3  
  61  6:01  Marine x2  
  66  6:04  SCV x2  
  66  6:05  Medivac  
  66  6:07  Medivac  
  66  6:08  Supply Depot  
  66  6:11  Terran Infantry Weapons Level 2, Stimpack  
  72  6:12  Terran Infantry Armor Level 2  
  72  6:18  SCV x2  
  74  6:19  Marine x2  
  74  6:20  Marauder  
  74  6:22  Barracks  
  78  6:25  Marine x2  
  78  6:29  Barracks Tech Lab  
  78  6:30  Supply Depot  
  78  6:32  Barracks Reactor  
  80  6:35  SCV x2  
  82  6:45  Command Center  
  82  6:46  Marine x3  
  85  6:47  SCV x2  
  87  6:57  Medivac x2  
  87  7:01  Supply Depot  
  91  7:05  Supply Depot  
  91  7:07  SCV x2  
  93  7:11  Barracks  
  93  7:22  Marine x4  
  96  7:23  Command Center  
  96  7:24  Supply Depot  
  96  7:29  Supply Depot  
  97  7:32  Starport Reactor  
  97  7:37  Terran Vehicle And Ship Armor Level 1  
  97  7:41  Medivac x2  
  101  7:44  SCV x2  
  103  7:59  Command Center  
  103  8:11  Medivac  
  103  8:12  Medivac x3  
  111  8:17  Barracks Reactor  
  111  8:30  Terran Infantry Armor Level 3, Terran Infantry Weapons Level 3  
  111  8:34  Barracks Reactor  
  111  8:45  Planetary Fortress  
  111  8:47  SCV x2  
  113  9:02  Marine  
  113  9:03  Marine x7  
  113  9:04  Marine  
  113  9:09  SCV x2  
  124  9:16  Command Center  
  124  9:20  Marine  
  125  9:25  Supply Depot  
  125  9:26  Planetary Fortress  
  125  9:35  Refinery  
  125  9:36  Refinery  
  125  9:48  Supply Depot  
  125  9:49  Marine x2  
  125  9:50  Marine x7  
  134  9:53  Medivac x2  
  134  9:54  Medivac x2  
  142  10:07  Marine x2  
  142  10:08  Marine x7  
  142  10:11  Supply Depot  
  151  10:20  Planetary Fortress  
  151  10:25  Marine x2  
  151  10:26  Marine x7  
  160  10:35  Planetary Fortress  
  160  10:41  Refinery  
  158  10:43  Marine x4  
  158  10:47  Marine  
  122  11:08  Hi-Sec Auto Tracking  
  111  11:24  Marine x9  
  120  11:31  Refinery  
  120  11:35  SCV  
  120  11:36  SCV x4  
  120  11:39  Medivac x4  
  133  11:42  Marine x9  
  140  11:59  Marine  
  140  12:00  Marine x8  
Show
View Real Time Build Order
Export as new Build Order

Ekelpack Zerg - Winner!

Build Orders: Hatch First 

Get SALT Encoding   

  12  0:00  Drone  
  13  0:13  Overlord  
  13  0:18  Drone  
  14  0:32  Drone  
  15  0:40  Drone  
  16  0:47  Hatchery  
  15  0:50  Drone  
  16  1:06  Spawning Pool  
  16  1:09  Drone  
  16  1:13  Extractor  
  15  1:21  Drone x2  
  17  1:28  Drone  
  18  1:36  Drone  
  19  1:53  Queen  
  21  1:59  Queen  
  23  2:01  Drone  
  24  2:12  Drone  
  24  2:15  Overlord  
  25  2:19  Drone  
  26  2:23  Drone  
  27  2:30  Lair  
  27  2:39  Drone  
  27  2:41  Drone x3  
  31  2:45  Extractor  
  31  2:49  Zergling x2  
  31  2:53  Drone x2  
  31  2:57  Extractor  
  32  3:19  Drone x2, Overlord  
  34  3:31  Drone x3, Spire  
  36  3:40  Drone x3, Extractor  
  38  3:41  Overlord  
  38  3:55  Metabolic Boost  
  38  3:57  Overlord  
  38  3:59  Drone x2  
  38  4:00  Drone  
  41  4:10  Drone x2  
  41  4:12  Drone, Overlord x2  
  41  4:15  Drone  
  44  4:23  Spine Crawler  
  44  4:24  Spine Crawler, Zergling x8  
  44  4:50  Mutalisk x4  
  44  4:51  Mutalisk  
  54  5:05  Drone x4  
  54  5:06  Overlord  
  58  5:10  Zerg Flyer Weapons Level 1  
  58  5:11  Mutalisk  
  60  5:34  Mutalisk x3  
  60  5:35  Zergling x8  
  69  5:51  Mutalisk  
  69  5:53  Mutalisk  
  69  5:56  Zergling x6  
  76  5:58  Hatchery  
  75  6:17  Mutalisk  
  77  6:19  Zergling x8  
  77  6:20  Zergling x6  
  77  6:21  Overlord  
  84  6:39  Queen  
  86  6:41  Overlord x2, Mutalisk x2  
  90  6:50  Overlord  
  90  7:08  Drone x6  
  96  7:30  Drone x2  
  96  7:31  Drone x4  
  102  7:39  Mutalisk x2, Infestation Pit  
  102  7:42  Drone  
  102  7:43  Drone  
  107  7:44  Extractor  
  107  7:45  Drone x3  
  107  7:50  Extractor  
  108  8:00  Pneumatized Carapace  
  108  8:09  Zergling x6  
  108  8:10  Zergling x8  
  108  8:11  Zergling x4  
  117  8:22  Drone x3  
  117  8:23  Drone x2  
  122  8:45  Overlord x3  
  122  8:47  Zerg Flyer Weapons Level 2  
  121  9:14  Mutalisk x5  
  121  9:15  Mutalisk x4  
  121  9:16  Mutalisk x3  
  145  9:17  Overlord x4  
  145  9:28  Overlord x2  
  145  9:29  Overlord x2  
  145  9:41  Overseer  
  145  9:51  Evolution Chamber  
  144  9:55  Hive, Evolution Chamber  
  143  10:06  Overlord x2  
  143  10:08  Mutalisk x8  
  143  10:09  Mutalisk  
  161  10:22  Zergling x2  
  161  10:23  Zergling x8, Overlord x2  
  161  10:24  Zergling x8  
  166  10:55  Overseer x2  
  142  11:11  Mutalisk  
  142  11:12  Mutalisk  
  134  11:21  Zergling x6  
  134  11:22  Zergling x8  
  141  11:38  Zergling x2  
  141  11:39  Ultralisk Cavern, Zergling x4  
  143  11:52  Zergling x10  
Show
View Real Time Build Order
Export as new Build Order

BooN Zerg 

Build Orders: Hatch First 

Get SALT Encoding   

  12  0:00  Drone  
  13  0:13  Overlord  
  13  0:21  Drone  
  14  0:31  Drone x2  
  16  0:45  Drone  
  17  1:06  Drone x2  
  17  1:09  Extractor  
  17  1:11  Hatchery  
  17  1:21  Spawning Pool  
  17  1:32  Drone  
  17  1:33  Drone x2  
  19  1:45  Drone  
  20  2:11  Metabolic Boost  
  20  2:13  Queen  
  22  2:17  Hatchery, Overlord  
  21  2:25  Drone x3  
  24  2:34  Queen  
  26  2:41  Baneling Nest  
  25  2:45  Drone  
  25  2:47  Zergling x2  
  25  2:50  Zergling x2  
  28  3:06  Drone  
  28  3:07  Drone x4  
  33  3:26  Overlord  
  33  3:33  Zergling x10  
  38  3:35  Baneling x2  
  38  3:37  Drone  
  38  3:38  Drone  
  39  3:54  Drone  
  39  3:55  Drone x7  
  47  4:02  Overlord  
  47  4:10  Queen, Lair  
  49  4:20  Queen  
  49  4:23  Overlord  
  50  4:42  Zergling x16  
  55  4:56  Queen  
  55  4:58  Zergling x2  
  55  4:59  Zergling x6  
  61  5:03  Extractor  
  61  5:04  Drone  
  61  5:05  Drone  
  62  5:07  Extractor  
  62  5:08  Drone  
  62  5:10  Extractor  
  62  5:12  Baneling x3  
  61  5:15  Drone  
  61  5:16  Drone  
  57  5:36  Spore Crawler  
  57  5:38  Spore Crawler  
  57  5:39  Spore Crawler  
  57  5:42  Drone x11  
  65  5:46  Spore Crawler  
  64  5:50  Hydralisk Den  
  64  5:52  Spore Crawler x2  
  64  5:53  Drone x2  
  63  5:57  Extractor x2  
  63  6:02  Drone x3  
  64  6:09  Queen  
  66  6:23  Overlord  
  66  6:24  Overlord x2  
  66  6:25  Grooved Spines  
  66  6:27  Centrifugal Hooks  
  66  6:34  Overlord  
  66  6:35  Overlord x2  
  66  6:45  Hydralisk  
  66  6:46  Hydralisk x7  
  82  6:48  Overlord  
  82  6:49  Overlord  
  82  6:54  Drone  
  82  6:55  Drone  
  84  7:15  Drone x8, Evolution Chamber  
  91  7:16  Muscular Augments, Evolution Chamber  
  91  7:17  Infestation Pit  
  89  7:25  Extractor  
  88  7:32  Hatchery  
  87  7:43  Zerg Melee Weapons Level 1  
  87  7:44  Zerg Ground Armor Level 1  
  87  7:46  Overlord  
  87  7:48  Drone x2  
  89  7:54  Drone x11  
  100  8:12  Spore Crawler, Neural Parasite  
  99  8:14  Infestor x5  
  109  8:42  Hydralisk  
  109  8:43  Hydralisk x8  
  127  9:05  Hydralisk x6  
  136  9:17  Overlord  
  136  9:18  Overlord x3  
  136  9:35  Lurker Den  
  136  9:36  Hydralisk  
  136  9:37  Hydralisk x7  
  151  9:40  Drone x10  
  161  9:53  Extractor  
  160  10:08  Spore Crawler  
  160  10:10  Extractor, Hydralisk x5  
  160  10:12  Spore Crawler  
  167  10:21  Spore Crawler x2  
  166  10:24  Spore Crawler  
  166  10:25  Spore Crawler  
  160  10:45  Hive  
  160  10:50  Overlord x2  
  160  10:51  Overlord x2  
  102  11:12  Hydralisk x2  
  102  11:13  Hydralisk x19  
  102  11:15  Hydralisk  
  102  11:18  Zergling x12  
  124  11:24  Hydralisk x2  
  130  11:41  Zergling x18  
  134  11:47  Zergling x6  
  134  11:50  Baneling x2  
  134  11:51  Baneling x5  
  134  11:53  Hydralisk x3  
  134  11:54  Hydralisk  
  125  12:04  Lurker x3  
  125  12:05  Zergling x2  
  125  12:06  Zergling x4  
Show
View Real Time Build Order
Export as new Build Order

BigWalter Protoss 

Build Orders:  

Get SALT Encoding   

  1  0:00  Probe  
  13  0:15  Pylon  
  13  0:16  Probe  
  14  0:28  Probe  
  15  0:43  Gateway  
  15  0:44  Probe  
  16  0:59  Probe  
  17  1:17  Gateway  
  17  1:20  Probe  
  17  1:23  Assimilator  
  18  1:32  Probe  
  19  1:41  Pylon  
  19  1:51  Probe  
  20  2:03  Probe  
  20  2:07  Zealot x2  
  25  2:12  Pylon  
  25  2:26  Assimilator  
  25  2:32  Cybernetics Core  
  25  2:47  Nexus  
  25  2:51  Forge  
  25  2:53  Probe  
  26  3:06  Probe  
  26  3:12  Stalker x2, Shield Battery  
  27  3:18  Probe  
  32  3:36  Photon Cannon  
  32  3:39  Stalker  
  34  3:53  Probe, Photon Cannon  
  35  4:03  Pylon, Probe  
  35  4:05  Probe  
  35  4:06  Stalker, Warp Gate  
  39  4:17  Probe x2  
  41  4:26  Probe  
  41  4:29  Probe  
  42  4:34  Probe  
  42  4:35  Twilight Council, Protoss Ground Weapons Level 1  
  43  4:39  Probe  
  43  4:41  Shield Battery  
  45  4:48  Pylon  
  45  5:03  Stalker x2  
  49  5:12  Templar Archives  
  49  5:13  Probe  
  49  5:14  Probe  
  49  5:21  Probe, Photon Cannon  
  51  5:22  Assimilator  
  51  5:26  Probe  
  53  5:43  Probe  
  53  5:47  Probe, Photon Cannon  
  55  5:50  Photon Cannon  
  55  5:54  Shield Battery  
  55  5:55  Stalker x2  
  59  6:02  Pylon  
  59  6:03  Blink  
  59  6:28  Probe x2  
  59  6:31  Pylon  
  59  6:36  Probe  
  59  6:40  Probe  
  59  6:43  Pylon  
  59  6:44  Probe  
  59  6:46  Photon Cannon  
  61  6:49  Pylon  
  61  6:52  Gateway, Probe  
  61  6:53  Gateway  
  63  6:55  Gateway  
  63  6:57  Stalker x2  
  67  7:14  Probe  
  67  7:15  Assimilator  
  67  7:17  Psionic Storm  
  67  7:18  Probe  
  67  7:20  Photon Cannon  
  67  7:21  Photon Cannon  
  69  7:23  Shield Battery, High Templar x2  
  69  7:25  Pylon  
  73  7:31  Protoss Ground Armor Level 1  
  73  7:38  Pylon  
  73  7:43  Probe x2  
  75  7:44  Pylon  
  75  7:47  Stalker  
  77  8:00  Probe x2  
  77  8:01  Pylon  
  79  8:09  Gateway  
  79  8:10  Gateway  
  80  8:12  Probe  
  80  8:13  High Templar x2, Probe  
  80  8:17  Archon  
  85  8:21  Probe  
  85  8:25  Forge, Probe  
  87  8:29  Forge  
  87  8:34  High Templar x2  
  91  8:46  Nexus  
  91  8:48  Pylon  
  91  9:06  High Templar x2  
  91  9:08  Stalker  
  97  9:17  Photon Cannon  
  97  9:19  Shield Battery  
  97  9:20  Photon Cannon  
  97  9:21  Probe x2  
  97  9:23  Pylon  
  99  9:25  Assimilator  
  99  9:30  Assimilator  
  99  9:33  Robotics Facility  
  99  9:37  Probe x2  
  101  9:43  Stalker  
  103  9:45  Zealot  
  103  9:47  Pylon  
  103  9:48  Pylon  
  103  9:51  High Templar x2  
  109  10:02  High Templar  
  109  10:06  Photon Cannon  
  111  10:07  Photon Cannon  
  111  10:08  Probe x3  
  111  10:09  Shield Battery  
  60  11:20  High Templar x2  
  60  11:21  High Templar  
  66  11:27  Zealot x4  
  74  11:42  Gateway  
  74  11:43  Gateway  
  74  11:47  Zealot  
  76  12:00  High Templar x4  
  84  12:02  Zealot x2  
  84  12:07  Photon Cannon  
Tags
 
Add a new tag
Caveats
  • Supply blocks, unpowered buildings, or Contaminate may cause inaccurate times.
  • Supply counts are checked every 10 seconds.